Cogmind - Beta 13 @@@ ROGUE MODE // 2024.04.01 @ 22:32:58 Player: flatmap Result: Destroyed by G-34 Mercenary with Small Laser Performance ------------- Evolutions (0) 0 Regions Visited (1) 200 Robots Destroyed (8) 40 Value Destroyed (263) 263 Prototype IDs (0) 0 Alien Tech Used (0) 0 Bonus (0) 0 TOTAL SCORE: 503 Bonus ------- None Cogmind --------- Core Integrity 0/250 Matter 300/300 Energy 248/250 System Corruption 0% Temperature Cool (9) Movement Walking (190) Ox1 Location -10/Materials Parts ------- > --- POWER (1) -------- Ion Engine > --- PROPULSION (2) --- Aluminum Leg > --- UTILITY (2) ------ Small Storage Unit > --- WEAPON (2) ------- Backup Laser I > --- INVENTORY (8) ---- Aluminum Leg Small Laser Small Laser Mining Claw Peak State ------------ > --- POWER ------------ Ion Engine > --- PROPULSION ------- Aluminum Leg Backup Propulsion I > --- UTILITY ---------- Small Storage Unit Backup Plating I > --- WEAPON ----------- Backup Laser I Mining Claw > --- INVENTORY -------- Ion Engine Small Laser Mining Claw [Rating: 7] Favorites ----------- Power Ion Engine Engine Ion Engine Propulsion Aluminum Leg Leg Aluminum Leg Hover Unit Backup Propulsion I Utility Small Storage Unit Storage Small Storage Unit Protection Backup Plating I Weapon Mining Claw Energy Gun Backup Laser I Ballistic Gun Assault Rifle Slashing Weapon Mining Claw Build | -11 -10 ------- Run | Yrd Mat Slots Evolved . | . . Power . | . . Propulsion . | . . Utility . | . . Weapon . | . . Parts Attached 15 | 6 9 Power 3 | 1 2 Engine 3 | 1 2 Core . | . . Reactor . | . . Propulsion 5 | 2 3 Treads . | . . Leg 5 | 2 3 Wheel . | . . Hover . | . . Flight . | . . Utility 1 | 1 . Device . | . . Storage 1 | 1 . Processor . | . . Hackware . | . . Protection . | . . Artifact . | . . Weapon 6 | 2 4 Energy Gun 3 | 1 2 Energy Cannon . | . . Ballistic Gun 1 | 1 . Ballistic Cannon . | . . Launcher . | . . Special Weapon . | . . Impact Weapon . | . . Slashing Weapon 2 | . 2 Piercing Weapon . | . . Special Melee Weapon . | . . Unidentified Prototypes . | . . Parts Lost 12 | . 12 Power 2 | . 2 Propulsion 5 | . 5 Utility 1 | . 1 Weapon 4 | . 4 Highest Loss Streak 6 | . 6 To Critical Strikes . | . . Average Slot Usage (%) 83 | . 83 Engine 11 | . 11 Leg 16 | . 16 Hover 7 | . 7 Storage 14 | . 14 Protection 7 | . 7 Energy Gun 12 | . 12 Ballistic Gun 1 | . 1 Slashing Weapon 11 | . 11 Naked Turns . | . . Heaviest Build 14 | 14 14 Greatest Support 20 | 20 20 Greatest Overweight (x) 1 | . 1 Average Overweight (x) . | . . Largest Inventory Capacity 8 | 8 8 Average Capacity 7 | 7 8 Most Carried 6 | 2 6 Average Carried 3 | . 3 Final Capacity 8 | 8 8 Final Carried 4 | 2 4 Class Distribution -------------------- 100% | Mutant Dominant Class ---------------- Mutant | -10/Materials Resources | -11 -10 ----------- Run | Yrd Mat Matter Collected 371 | 174 197 Remotely . | . . Salvage Created 340 | . 340 Parts 14 | . 14 Haulers Intercepted 1 | . 1 Recyclers Shooed . | . . Parts Field Recycled . | . . Retrieved Matter . | . . Parts Self-Destructed . | . . Prevented . | . . Kills | -11 -10 ------- Run | Yrd Mat Combat Hostiles Destroyed 7 | . 7 Melee 3 | . 3 Guns 4 | . 4 Classes Destroyed 2 | . 2 Hauler 1 | . 1 Grunt 7 | . 7 Best Kill Streak 2 | . 2 Combat Bots Only 2 | . 2 Max Kills in Single Turn 1 | . 1 Gunslinging . | . . Exploded . | . . Melee 1 | . 1 Uniques/NPCs Destroyed . | . . Combat | -11 -10 -------- Run | Yrd Mat Hostile Shots Fired 177 | . 177 Missed 59 | . 59 Damage Taken 1298 | . 1298 Core 257 | . 257 Absorbed by Shields . | . . Core Remaining (%) 100 | 100 . Volleys Fired 43 | . 43 Largest 2 | . 2 Hottest 60 | . 60 Shots Fired 58 | . 58 Gun 58 | . 58 Cannon . | . . Launcher . | . . Special . | . . Kinetic 17 | . 17 Thermal 20 | . 20 Explosive . | . . Electromagnetic 21 | . 21 Robot Hit Streak 9 | . 9 Robot Miss Streak 3 | . 3 Penetration Max . | . . Secondary Targets . | . . Shots Hit Robots 49 | . 49 Core Hits 13 | . 13 Critical Kills . | . . Critical Parts Destroyed 1 | . 1 Critical Strikes 2 | . 2 Destroy 1 | . 1 Corrupt 1 | . 1 Melee Attacks 17 | . 17 Impact . | . . Slashing 17 | . 17 Piercing . | . . Sneak Attacks 1 | . 1 Combat Hostiles . | . . Follow-up Attacks . | . . Damage Inflicted 703 | . 703 Guns 511 | . 511 Cannons . | . . Explosions . | . . Melee 192 | . 192 Ramming . | . . Kinetic 166 | . 166 Thermal 168 | . 168 Explosive . | . . Electromagnetic 177 | . 177 Impact . | . . Slashing 192 | . 192 Piercing . | . . Highest Corruption . | . . Average Corruption . | . . Corruption Purged . | . . Corruption Blocked . | . . Overload Shots . | . . Overflow Damage . | . . Projectiles . | . . Explosions . | . . Melee . | . . Knockbacks . | . . Impact . | . . Kinetic . | . . Secondary . | . . Self-Inflicted Damage . | . . Shots . | . . Rammed . | . . Targets Rammed . | . . Kicked . | . . Crushed . | . . Highest Temperature 118 | . 118 Average Temperature 59 | . 59 Received Heat Transfer 633 | . 633 Siege Activations . | . . Robots Corrupted . | . . Combat Hostiles . | . . Parts Fried 1 | . 1 Impact Corruptions . | . . Robots Melted . | . . Combat Hostiles . | . . Parts Melted 2 | . 2 Heat Transferred 448 | . 448 Parts Sabotaged . | . . Parts Stolen . | . . Parts Stripped . | . . Power Chain Reactions . | . . Alert | -11 -10 ------- Run | Yrd Mat Peak Influence 152 | . 152 Initial . | . . Average 48 | . 54 Maximum Alert Level . | . . Low Security (%) 100 | 100 100 Level 1 . | . . Level 2 . | . . Level 3 . | . . Level 4 . | . . Level 5 . | . . High Security . | . . Max Security . | . . Squads Dispatched 3 | . 3 Investigation 1 | . 1 Extermination . | . . Reinforcement 2 | . 2 Assault . | . . Garrison . | . . Intercept . | . . Searches Triggered . | . . Construction Impeded . | . . Haulers Reinforced . | . . Active Scanning Responses . | . . Cargo Convoy Interrupts . | . . Stealth | -11 -10 --------- Run | Yrd Mat Distress Signals 1 | . 1 Communications Jammed . | . . Distress Signals . | . . Times Spotted 23 | . 23 Peak Tracking Total 9 | . 9 Tactical Retreats 2 | . 2 Traps | -11 -10 ------- Run | Yrd Mat Traps Triggered . | . . Indirectly . | . . Trap Hack Attempts . | . . Triggered . | . . Disarmed . | . . Reprogrammed . | . . Reused . | . . Traps Extracted . | . . Installed . | . . Triggered . | . . Machines | -11 -10 ---------- Run | Yrd Mat Machines Disabled 1 | . 1 Max in Single Turn 1 | . 1 Machines Repaired . | . . Machines Dismantled . | . . Machines Sabotaged . | . . Overloaded Fab Kills . | . . Hacking | -11 -10 --------- Run | Yrd Mat Machines Accessed 3 | . 3 Terminals 2 | . 2 Fabricators . | . . Repair Stations 1 | . 1 Recycling Units . | . . Scanalyzers . | . . Garrison Access . | . . Total Hacks 9 | . 9 Successful 6 | . 6 Failed 3 | . 3 Catastrophic . | . . Database Lockouts . | . . Manual . | . . Terminals 6 | . 6 Fabricators . | . . Repair Stations 3 | . 3 Recycling Units . | . . Scanalyzers . | . . Garrison Access . | . . Terminal Hacks 4 | . 4 Record 1 | . 1 Locate Traps 1 | . 1 Maintenance Status 1 | . 1 Surveillance Status 1 | . 1 Fabricator Hacks . | . . Repair Station Hacks 2 | . 2 Scan Component 1 | . 1 Refit 1 | . 1 Recycling Unit Hacks . | . . Scanalyzer . | . . Garrison Access Hacks . | . . Unauthorized Hacks . | . . Terminals . | . . Fabricators . | . . Repair Stations . | . . Recycling Units . | . . Scanalyzers . | . . Garrison Access . | . . Data Cores Recovered . | . . Used . | . . Hacking Detections 3 | . 3 Full Trace Events 2 | . 2 Feedback Events . | . . Feedback Blocked . | . . Robot Schematics Acquired . | . . Robots Built . | . . Authchips . | . . Time . | . . Total Robot Build Rating . | . . Part Schematics Acquired . | . . Parts Built . | . . Authchips . | . . Time . | . . Total Part Build Rating . | . . Parts Repaired . | . . Time . | . . Parts Recycled . | . . Recycled Matter . | . . Retrieved Matter . | . . Retrieved Components . | . . Parts Scanalyzed . | . . Part Schematics Acquired . | . . Parts Damaged . | . . Bothacking | -11 -10 ------------ Run | Yrd Mat Used RIF Installer . | . . Robots Hacked . | . . Non-combat . | . . Combat . | . . Robot Hacks Applied . | . . Relay Couplers Released . | . . Fabnet Peak Effective % . | . . Robots Rewired . | . . Allies Hacked . | . . Hacks Repelled . | . . Allies | -11 -10 -------- Run | Yrd Mat Total Allies . | . . Largest Group . | . . Highest-Rated Group . | . . Highest-Rated Ally . | . . Total Orders . | . . Ally Attacks . | . . Total Damage . | . . Kills . | . . Allies Corrupted . | . . Allies Melted . | . . Intel | -11 -10 ------- Run | Yrd Mat Robot Analysis Total . | . . Derelict Logs Recovered . | . . Drone Launches . | . . Drone Recoveries . | . . Exploration | -11 -10 ------------- Run | Yrd Mat Turns Passed 688 | 70 618 Spaces Moved 287 | 53 234 Core 7 | 5 2 Treads . | . . Legs 280 | 48 232 Wheels . | . . Hover . | . . Flight . | . . Fastest Speed 50 | 50 100 Average Speed 157 | 113 167 Slowest Speed 190 | 120 190 Overloaded Moves . | . . Propulsion Burnouts . | . . Robots Hopped . | . . Cave-ins Triggered . | . . Exploration Rate (%) 21 | 3 39 Regions Visited 1 Branch Regions . Pre-discovered Areas . | . . Known Exits Taken . | . . Unknown Exits Taken 1 | 1 . Scrap Searched . | . . Spaces Dug . | . . Terrain Destroyed . | . . Melee . | . . Projectile . | . . AOE . | . . Terrain Rammed . | . . Walls Destroyed . | . . Machines Disabled . | . . Actions | -11 -10 --------- Run | Yrd Mat Total 428 | 60 368 Wait 60 | . 60 Move 286 | 52 234 Hop . | . . Pick Up 6 | 2 4 Fast Attach 10 | 6 4 Attach 4 | . 4 Detach 1 | . 1 Swap 1 | . 1 Drop . | . . Fire 43 | . 43 Melee 17 | . 17 Ram . | . . Kick . | . . Crush . | . . Escape Stasis . | . . Rewire . | . . Trap . | . . Miscellaneous . | . . Route ------- -11/Scrapyard -10/Materials (discovered 1 exit: [*Mat]) History --------- Turn | Location | Event 2 | -11/Scrapyard | Met Revision 17 27 | -11/Scrapyard | Discovered new exit (range 14) 71 | -11/Scrapyard | Entered Materials 211 | -10/Materials | Lost 6 parts (1p2n3w) 317 | -10/Materials | Build established: Mutant 562 | -10/Materials | Discovered new exit (range 10) 598 | -10/Materials | Core integrity fell below 50% 613 | -10/Materials | Core integrity fell below 20% 631 | -10/Materials | Lost 4 parts (1p2n1u) 689 | -10/Materials | Destroyed by G-34 Mercenary with Small Laser Last Messages --------------- 00569_ ALERT: Suspicious activity at Terminal M005. Dispatching Investigation squad. 00575_ Sneak attack on A-02 Transporter. 00575_ A-02 Transporter destroyed. 00593_ Ion Engine destroyed. 00595_ Aluminum Leg destroyed. 00596_ Backup Plating I destroyed. 00600_ Backup Propulsion I destroyed. 00604_ K-01 Serf collects debris. 00656_ S-10 Pest destroyed. 00658_ G-34 Mercenary destroyed. 00662_ K-01 Serf collects debris. 00664_ G-34 Mercenary Sml. Laser ripped off. 00666_ K-01 Serf cleans the Neutrino Reactor. 00667_ Acquired 30 matter. 00670_ K-01 Serf collects debris. 00673_ K-01 Serf cleans the Nuclear Reactor. 00686_ Mining Claw destroyed. 00687_ Aluminum Leg destroyed. 00688_ S-10 Pest destroyed. Map ----- +----------------------------------------------------+ | | | | | | | | | ????????????????????????????????????????????? | | ????????????????????????????????????????????? | | ????????????????????????????????????????????? | | ????????????????????????????????????????????? | | ???#####????????????????????????????????????? | | ???# #????????????????????????????????????? | | ???# < #????????????????????????????????????? | | ???# #????????????????????????????????????? | | ???# #????????????##+#####????????????????? | | ???# #????????????# ?????????????????? | | ???# #????????????# #?????? ???????????? | | ??## ##???????????+ #????? ??????????? | | ### !#???????????# #????? ???????????? | | =*############# #???? ???????????? | | T**%** ##### #??????????? | | *############ +??????????? | | ### #?????????#T #??????????? | | #########?????????## """ """ #??????????? | | #????????????# """ """ #??????????? | | """ #??############ """ """ #??????????? | | """ # # s #??????????? | | """ # + gg%@ #??????????? | | #????""""" # g #??????????? | | #?????""""""??# ##########??????????? | | #######?????"" "????# # #????????????? | | ????????????????????# # """ #????????????? | | ????????????????????# !/% """ #????????????? | | ????????????????????# =# """ #????????????? | | ????????????????????# # #????????????? | | #######?????????????# # ! #????????????? | | """ #?????????????# ###/####????????????? | | """ #?????????????# ? %=???????????????? | | ! """ ######????????+ =*#?#####????????? | | % ## T #????????# ? +????????? | | ## #????????#+##### #????????? | | ## #??????????????# """ #????????? | | ####/### #??????????????# ^""" #????????? | | ???# #?# !|#?#######??????# """ +????????? | | ???# #?# ||#?#!! = #??????+ """ #????????? | | ???# #?# #?#!! #??????# #????????? | | #### ####+#### #??????# #????????? | | # " " #??????# #????????? | | + "R" #??????/ #????????? | | ^ # """ #??????# ########?? | | ######### ^^# #??????# ! #?? | | ???# ^###+########## ! #?? | +----------------------------------------------------+ Best States ------------- Heat Dissipation 25 Energy Generation 10 Energy Capacity 250 Matter Stores 300 Matter Capacity 300 Sight Range 16 Terrain Scan Density 10 Armor Coverage 80 Evasion (%) 55 Item Schematics ----------------- None Robot Schematics ------------------ None Fabricated ------------ Nothing Alien Tech Used ----------------- None Achievements -------------- None Challenges ------------ None Game ------ Seed TrapMetafiberBlaster Manual? 0 Play Time 00:10:30 Cumulative 4.5 hours Start 2024.04.01 @ 22:24:00 End 2024.04.01 @ 22:32:58 Sessions 1 Manual Loads 0 Difficulty Rogue Special Mode None Game No. 6 Rogue 6 Adventurer 0 Explorer 0 Win Type - Total 0 Types 0/0/0/0/0/0/0/0/0 Lore% 0 Gallery% 7 Achievement% 8 Wizard Run 0 Options --------- Layout 0 ASCII 0 Keyboard 1 Movement Arrows Keybinds 0 Fullscreen 2 Font 24/Proggy Map View 76x50 Zoom Use 0% Tactical HUD 1 Map Filters NONE Filters NONE Steam 0 RUN: 1c193d41-864e-4375-afd1-bfb6b4c08482